 Dungeon Crawl Stone Soup version 0.17-a0-776-gd86b262 (webtiles) character file.

10317 karvarausku the Black Belt (level 11, -14/93 HPs)
             Began as a Purple Draconian Monk on Apr 24, 2015.
             Was a High Priest of Okawaru.
             Demolished by a swamp dragon simulacrum (24 damage)
             ... in an ice cave.
             The game lasted 00:35:27 (14597 turns).

karvarausku the Black Belt (Purple Draconian Monk) Turns: 14597, Time: 00:35:27

Health: -14/93     AC: 10    Str: 19    XL:     11   Next: 34%
Magic:  11/11      EV: 16    Int: 10    God:    Okawaru [*****.]
Gold:   634        SH:  0    Dex: 16    Spells: 0 memorised, 10 levels left

rFire  . . .     SeeInvis +       - Unarmed
rCold  . . .     Clarity  .     (armour unavailable)
rNeg   . . .     SustAb   .     (no shield)
rPois  .         Gourm    .     (helmet restricted)
rElec  .         Spirit   .     C - +1 cloak
rCorr  .         Warding  .     g - +0 pair of gloves
rMut   .         Stasis   .     (no boots)
MR     +....                    (no amulet)
Stlth  ++........               l - ring of see invisible
                                F - +4 ring of strength

@: somewhat resistant to hostile enchantments, unstealthy
A: breathe power, unfitting armour, cold-blooded, AC +7
a: Breathe Dispelling Energy, Heroism, Finesse, Renounce Religion


You were in an ice cave.
You worshipped Okawaru.
Okawaru was extremely pleased with you.
You were not hungry.

You visited 2 branches of the dungeon, and saw 12 of its levels.
You also visited: Ossuary and Ice Cave.

You collected 634 gold pieces.

Inventory:

Hand weapons
 b - a +0 blowgun of evasion
 U - a +1 blowgun
Missiles
 q - 38 poisoned needles
 v - 59 stones (quivered)
 w - a throwing net
 O - 8 silver javelins
Armour
 g - a +0 pair of gloves (worn)
 C - a +1 cloak (worn)
Magical staves
 M - an uncursed staff of wizardry {unknown}
Jewellery
 l - a ring of see invisible (right hand)
 n - an uncursed amulet of faith
 o - an uncursed ring of magical power
 E - an uncursed ring of protection from cold
 F - a +4 ring of strength (left hand)
 H - an uncursed ring of protection from cold
 T - an uncursed ring of ice {unknown}
Magical devices
 i - a wand of digging (14)
 u - a wand of slowing (26)
 I - a wand of cold (10)
 L - a wand of fire (2)
 S - a wand of confusion (31)
Scrolls
 c - 3 scrolls of teleportation
 e - a scroll of recharging
 f - 2 scrolls of enchant armour
 h - 3 scrolls of random uselessness
 k - 4 scrolls of enchant weapon
 m - 5 scrolls of fog
 p - 3 scrolls of immolation
 t - 5 scrolls of magic mapping
 G - a scroll of acquirement {unknown}
 K - a scroll of fear {unknown}
 P - a scroll of identify
Potions
 d - a potion of flight
 j - 3 potions of brilliance
 r - a potion of cancellation
 s - a potion of magic {unknown}
 x - a potion of invisibility {unknown}
 A - 2 potions of curing
 B - 3 potions of might
 D - 2 potions of heal wounds {unknown}
 J - a potion of lignification {unknown}
 N - a potion of mutation {unknown}
 R - a potion of haste {unknown}
Books
 y - a book of Frost

   Spells                             Type                      Level
   a - Freeze                         Ice                          1
   b - Throw Frost                    Conjuration/Ice              2
   c - Ozocubu's Armour               Charms/Ice                   3
   d - Throw Icicle                   Conjuration/Ice              4
   e - Summon Ice Beast               Ice/Summoning                4
   f - Condensation Shield            Ice                          4
Comestibles
 a - 9 bread rations
 z - 3 beef jerkies
 Q - 2 fruits
 V - a meat ration


   Skills:
 + Level 7.7 Fighting
 + Level 6.6 Dodging
 - Level 1.7 Stealth
 - Level 15.1 Unarmed Combat


You had 10 spell levels left.
You didn't know any spells.

Dungeon Overview and Level Annotations

Branches:
Dungeon (11/15)            Temple (1/1) D:7            Lair (0/8) D:11
    Orc: D:9-12

Altars:
Ashenzari
Cheibriados
Dithmenos
Elyvilon
Fedhas
Gozag
Kikubaaqudgha
Nemelex Xobeh
Okawaru
Qazlal
Ru
Sif Muna
Trog
Vehumet
Xom
Yredelemnul
Zin
The Shining One

Shops:
D:9 =


Innate Abilities, Weirdness & Mutations

You can breathe bolts of dispelling energy.
Your rich purple scales are hard (AC +7).
Your body does not fit into most forms of armour.
You are cold-blooded and may be slowed by cold attacks.


Message History

Okay, then.
Use which ability? (? or * to list)
Okay, then.
Read which item? (? for menu, Esc to quit)
Okay, then.
Read which item? (? for menu, Esc to quit)
Okay, then.
Evoke which item? (* to show all) (? for menu, Esc to quit)
Zapping:
L - a wand of fire {zapped: 5} (will waste charges)
Press: ? - help, Shift-Dir - straight line, f - swamp dragon simulacrum
Aim: a swamp dragon simulacrum The bolt of fire hits the swamp dragon simulacrum.
The swamp dragon simulacrum melts!
Evoking this partially-identified wand wasted a few charges.
You feel yourself speed up.
The wolf simulacrum closely misses you. x2
The swamp dragon simulacrum bites you!
* * * LOW HITPOINT WARNING * * *
The swamp dragon simulacrum freezes you!!
You die...

##. ##..
##...
#...#
#...##
#...#
##...##
##...ZZ##
#...∩Z@.#
#.......#
##..∩..##
##...##
#####


You could see a wolf simulacrum and 2 swamp dragon simulacra.

Vanquished Creatures
  An unseen horror (D:10)
  A hill giant (D:10)
  2 centaur zombies
  Psyche (D:9)
  A fire drake (D:11)
  A troll (D:11)
  A two-headed ogre (D:11)
  2 wyverns
  A spriggan (D:8)
  11 yaks
  A deep elf mage (D:11)
  A hungry ghost (D:11)
  A hippogriff (D:10)
  3 sky beasts
  5 orc warriors
  2 ogres
  5 ice beasts
  A necrophage (D:7)
  10 centaurs
  A wasp (D:11)
  3 big kobolds
  5 giant frogs
  2 water moccasin zombies (Ossuary)
  2 scorpions (D:6)
  10 killer bees
  2 wights (D:11)
  A wasp zombie (D:9)
  4 crimson imps
  6 hounds
  A giant frog skeleton (D:4)
  A jelly (D:8)
  7 orc priests
  8 worker ants
  Jessica (D:2)
  3 centaur skeletons
  A quasit (D:6)
  6 iguanas
  10 orc wizards
  2 big kobold zombies (Ossuary)
  A wolf simulacrum (IceCv)
  A hound skeleton (D:11)
  2 mummies (Ossuary)
  14 adders
  2 shadow imps (D:8)
  12 white imps (D:11)
  4 oozes
  An adder skeleton (D:5)
  3 adder zombies (Ossuary)
  A worm (D:4)
  7 giant geckos
  50 orcs
  3 ball pythons
  A bat skeleton (D:4)
  3 giant cockroaches
  4 gnoll zombies
  12 goblins
  15 hobgoblins
  21 kobolds
  2 quokkas (D:3)
  9 bats
  A giant gecko skeleton (D:9)
  A giant gecko zombie (D:5)
  5 giant newts
  2 giant spores
  5 hobgoblin zombies (Ossuary)
  23 jackals
  A jackal skeleton (D:6)
  9 kobold zombies (Ossuary)
  2 orc zombies (Ossuary)
  A quokka zombie (D:5)
  20 rats
  5 ballistomycetes
370 creatures vanquished.

Vanquished Creatures (others)
  An adder (D:10)
  A giant spore (D:10)
  A plant (D:6)
3 creatures vanquished.

Grand Total: 373 creatures vanquished

Notes
Turn   | Place    | Note
--------------------------------------------------------------
     0 | D:1      | karvarausku, the Draconian Monk, began the quest for the Orb.
     0 | D:1      | Reached XP level 1. HP: 19/19 MP: 1/1
   147 | D:1      | Reached XP level 2. HP: 24/26 MP: 2/2
   661 | D:2      | Noticed Jessica
   672 | D:2      | Killed Jessica
   672 | D:2      | Reached skill level 5 in Unarmed Combat
   672 | D:2      | Reached XP level 3. HP: 10/31 MP: 3/3
   939 | D:2      | Reached XP level 4. HP: 38/38 MP: 4/4
   984 | D:2      | Found an opulent altar of Gozag.
  1412 | D:3      | Reached skill level 6 in Unarmed Combat
  1449 | D:3      | Found a shattered altar of Ashenzari.
  1679 | D:3      | Found a sparkling altar of Nemelex Xobeh.
  1766 | D:3      | Reached XP level 5. HP: 37/45 MP: 5/5
  2420 | D:4      | Reached skill level 7 in Unarmed Combat
  2737 | D:4      | Reached XP level 6. HP: 34/51 MP: 6/6
  3105 | D:4      | Noticed an air elemental
  3114 | D:4      | Found a stormy altar of Qazlal.
  3130 | D:4      | Noticed a water elemental
  3130 | D:4      | Noticed a fire elemental
  3236 | D:4      | Found a bloodstained altar of Trog.
  3962 | D:4      | Found a snail-covered altar of Cheibriados.
  3988 | D:5      | Entered Level 5 of the Dungeon
  4026 | D:5      | Reached skill level 8 in Unarmed Combat
  4076 | D:5      | Found a shadowy altar of Dithmenos.
  4299 | D:4      | Your scales start taking on a rich purple colour.
  4299 | D:4      | Reached XP level 7. HP: 17/57 MP: 7/7
  4900 | D:5      | Reached skill level 9 in Unarmed Combat
  5604 | D:6      | Reached skill level 10 in Unarmed Combat
  5604 | D:6      | Reached XP level 8. HP: 34/63 MP: 8/8
  5852 | D:6      | Found a sacrificial altar of Ru.
  6202 | D:6      | Found a blossoming altar of Fedhas.
  6207 | D:6      | Found an ancient bone altar of Kikubaaqudgha.
  6232 | D:6      | Noticed a centaur zombie
  6247 | D:6      | Killed a centaur zombie
  6247 | D:6      | Reached skill level 11 in Unarmed Combat
  6621 | D:7      | Found a sand-covered staircase.
  6667 | Ossuary  | Entered an ossuary
  6907 | Ossuary  | Reached skill level 12 in Unarmed Combat
  7260 | D:7      | Found a staircase to the Ecumenical Temple.
  7277 | D:7      | Found a glowing golden altar of the Shining One.
  7478 | D:7      | Reached XP level 9. HP: 61/70 MP: 9/9
  8115 | Temple   | Entered the Ecumenical Temple
  8145 | Temple   | Became a worshipper of Warmaster Okawaru
  8145 | Temple   | Acquired Okawaru's first power
  8684 | D:7      | Reached skill level 13 in Unarmed Combat
  9966 | D:8      | Reached skill level 14 in Unarmed Combat
 10588 | D:9      | Reached XP level 10. HP: 49/77 MP: 10/10
 10703 | D:9      | Found Elephac's Jewellery Emporium.
 11299 | D:9      | Noticed Psyche
 11325 | D:9      | Killed Psyche
 11339 | D:9      | Found a basalt altar of Yredelemnul.
 11794 | D:9      | Reached skill level 15 in Unarmed Combat
 12113 | D:10     | Entered Level 10 of the Dungeon
 12119 | D:10     | Noticed a hill giant
 12128 | D:10     | Killed a hill giant
 13055 | D:10     | Reached skill level 5 in Fighting
 13084 | D:10     | Noticed an unseen horror
 13098 | D:10     | Killed an unseen horror
 13467 | D:10     | Reached skill level 5 in Dodging
 13567 | D:10     | Reached XP level 11. HP: 63/90 MP: 11/11
 14120 | D:11     | Found a staircase to the Lair.
 14509 | D:11     | Acquired Okawaru's second power
 14546 | D:11     | Found a frozen archway.
 14591 | IceCv    | Entered an ice cave
 14597 | IceCv    | Demolished by a swamp dragon simulacrum

Action                   |  1- 3 |  4- 6 |  7- 9 | 10-12 || total
-------------------------+-------+-------+-------+-------++-------
Melee: Unarmed           |    84 |   310 |   474 |   354 ||  1222
 Fire: Blowgun           |       |       |    32 |    20 ||    52
Throw: Stone             |       |       |     5 |     3 ||     8
Invok: Heroism           |       |       |     3 |     5 ||     8
Evoke: Wand              |       |     2 |       |     6 ||     8
  Use: Potion            |       |     2 |     1 |     1 ||     4
       Scroll            |       |       |    15 |     3 ||    18
 Stab: Sleeping          |     2 |     2 |    18 |     5 ||    27
       Distracted        |       |       |     1 |       ||     1
  Eat: Chunk             |       |    10 |    20 |     8 ||    38
       Pizza             |       |       |     1 |       ||     1
       Royal jelly       |       |       |       |     1 ||     1
       Fruit             |       |       |       |     3 ||     3
